 Dungeon Crawl Stone Soup version 0.30-b1-2-g02819fbbbe (webtiles) character file.

Game seed: 8540321303853142935

672 Metae the Covered (level 7, -5/62 HPs)
             Began as a Minotaur Fighter on June 27, 2023.
             Slain by Duvessa
             ... wielding a +0 rapier
              (12 damage)
             ... on level 4 of the Dungeon.
             The game lasted 00:06:04 (2879 turns).

Metae the Covered (Minotaur Fighter)                Turns: 2879, Time: 00:06:04

Health: -5/62      AC:  9    Str: 23    XL:     7   Next: 32%
Magic:  6/6        EV: 11    Int:  5    God:
Gold:   135        SH:  5    Dex:  9    Spells: 6/6 levels left

rFire   . . .        a - +0 rapier
rCold   + . .        c - +0 buckler
rNeg    . . .        o - +2 ring mail {rC+}
rPois   .            (helmet restricted)
rElec   .            f - +0 cloak
rCorr   .            (no gloves)
SInv    .            (no boots)
Will    .....        (no amulet) Stlth
                     (no ring)
HPRegen 0.30/turn    (no ring)
MPRegen 0.10/turn

%: no passive effects
@: no status effects
A: horns 2, retaliatory headbutt
a: no special abilities


You were on level 4 of the Dungeon.
You visited 1 branch of the dungeon, and saw 4 of its levels.

You collected 225 gold pieces.
You spent 90 gold pieces at shops.

Inventory:

Hand Weapons
 a - a +0 rapier (weapon)
Missiles
 j - 18 stones (quivered)
 n - a throwing net
 p - 5 boomerangs
Armour
 c - a +0 buckler (worn)
 f - a +0 cloak (worn)
 o - a +2 ring mail of cold resistance (worn)
Scrolls
 b - 2 scrolls of magic mapping {unknown}
 e - a scroll of poison {unknown}
 h - a scroll of identify {unknown}
 i - 2 scrolls of fear {unknown}
 l - 2 scrolls of amnesia {unknown}
 m - 2 scrolls of brand weapon {unknown}
 q - a scroll of fog {unknown}
 t - a scroll of enchant armour {unknown}
 w - 2 scrolls of noise {unknown}
 x - a scroll of teleportation {unknown}
Potions
 d - 2 potions of might
 g - a potion of haste {unknown}
 k - 2 potions of heal wounds {unknown}
 r - 4 potions of curing
 s - a potion of flight
 u - a potion of mutation {unknown}
 v - 2 potions of attraction {unknown}
 z - a potion of lignification {unknown}


   Skills:
 + Level 5.9 Fighting
 + Level 4.6 Short Blades
 + Level 5.9 Armour
 + Level 2.1 Dodging
 + Level 5.8 Shields


You had 6 spell levels left.
You didn't know any spells.
Your spell library contained the following spells:

 Spells                   Type           Power      Damage    Failure   Level
 Freeze                   Ice            0%         1d3       67%         1
 Frozen Ramparts          Ice            0%         1d1       96%         3
 Hailstorm                Conj/Ice       0%         3d3       96%         3
 Portal Projectile        Hex/Tloc       0%         N/A       96%         3
 Tukima's Dance           Hex            0%         N/A       96%         3
 Blade Hands              Tmut           0%         N/A       100%        5


Dungeon Overview and Level Annotations

Branches:
Dungeon (4/15)
 Temple: D:4-7

Altars:
Gozag
Kikubaaqudgha
Qazlal

Shops:
D:2 !

Annotations:
D:4 Duvessa


Innate Abilities, Weirdness & Mutations

You have a pair of horns on your head.
You reflexively headbutt those who attack you in melee.


Message History

Duvessa is lightly wounded.
Duvessa hits you with a +0 rapier.
You hit Duvessa.
Duvessa is moderately wounded.
Duvessa closely misses you.
You hit Duvessa but do no damage.
Duvessa is moderately wounded.
Duvessa hits you with a +0 rapier.
Dowan casts a spell.
Dowan blinks!
You barely miss Duvessa.
Duvessa is moderately wounded.
You block Duvessa's attack. Dowan barely misses you. You furiously retaliate!
You headbutt Dowan, but do no damage. You barely miss Duvessa.
You headbutt Duvessa, but do no damage.
Duvessa is moderately wounded.
You block Duvessa's attack. Dowan gestures at you while chanting.
The puff of flame hits you.
You hit Dowan.
You kill Dowan!
Duvessa screams, "No!
How DARE you!"
Duvessa goes berserk!
Duvessa hits you with a +0 rapier! x2
Your Dodging skill increases to level 2!
You hit Duvessa but do no damage.
Duvessa is moderately wounded.
Duvessa hits you with a +0 rapier!
* * * LOW HITPOINT WARNING * * *
Unknown command.
You closely miss Duvessa. You headbutt Duvessa.
Duvessa is moderately wounded.
Duvessa barely misses you. Duvessa closely misses you. You furiously retaliate!
You headbutt Duvessa! You closely miss Duvessa. Your headbutt misses Duvessa.
Duvessa is heavily wounded.
Duvessa closely misses you.
You hit Duvessa but do no damage.
Duvessa is heavily wounded.
Duvessa hits you with a +0 rapier!
You die...

##############
#..>.........#
#.##########.#
#.# #.# #.#
#.# #)# #.#
#@# #.# #e#
#.# #.#
#.##### #.#
#...... #.#
####### ...
###


You could see Duvessa (berserk).

Vanquished Creatures
  Sigmund (D:3)
  A sky beast (D:4)
  An ice beast (D:4)
  Blork the orc (D:4)
  Dowan (D:4)
  A sleepcap (D:4)
  Ijyb (D:3)
  5 gnolls
  4 adders
  A shadow imp (D:4)
  A worm (D:2)
  2 dart slugs
  An orc (D:3)
  5 ball pythons
  3 endoplasms
  3 giant cockroaches
  4 goblins
  5 hobgoblins
  3 jackals (D:3)
  4 bats
  4 frilled lizards
  6 kobolds
  5 rats (D:1)
63 creatures vanquished.

Vanquished Creatures (others)
  12 fungi (D:4)
  2 withered plants (D:1)
14 creatures vanquished.

Grand Total: 77 creatures vanquished

Notes
Turn   | Place    | Note
-------+----------+-------------------------------------------
     0 | D:1      | Metae the Minotaur Fighter began the quest for the Orb.
     0 | D:1      | Reached XP level 1. HP: 19/19 MP: 0/0
    24 | D:1      | Reached XP level 2. HP: 21/27 MP: 1/1
   521 | D:1      | Reached XP level 3. HP: 33/33 MP: 2/2
   874 | D:2      | Found a faded altar of an unknown god.
   952 | D:2      | Found a stormy altar of Qazlal.
   967 | D:2      | Reached XP level 4. HP: 26/41 MP: 3/3
  1294 | D:2      | Found Xywiuhoff's Distillery.
  1299 | D:2      | Bought 2 potions of curing for 60 gold pieces
  1299 | D:2      | Bought a potion of flight for 30 gold pieces
  1555 | D:3      | Noticed Ijyb
  1584 | D:3      | Killed Ijyb
  1799 | D:3      | Noticed Sigmund
  1814 | D:3      | Killed Sigmund
  1815 | D:3      | Reached skill level 5 in Fighting
  1815 | D:3      | Reached skill level 5 in Armour
  1815 | D:3      | Reached skill level 5 in Shields
  1815 | D:3      | Reached XP level 5. HP: 34/48 MP: 4/4
  1815 | D:3      | Reached XP level 6. HP: 40/56 MP: 5/5
  1981 | D:3      | Found an ancient bone altar of Kikubaaqudgha.
  2156 | D:3      | Found an opulent altar of Gozag.
  2413 | D:4      | Noticed a sky beast
  2434 | D:4      | Noticed an ice beast
  2458 | D:4      | Killed a sky beast
  2459 | D:4      | Reached skill level 1 in Dodging
  2504 | D:4      | Killed an ice beast
  2505 | D:4      | Reached XP level 7. HP: 54/61 MP: 6/6
  2778 | D:4      | Noticed Blork the orc
  2784 | D:4      | Killed Blork the orc
  2850 | D:4      | Noticed Dowan
  2851 | D:4      | Noticed Duvessa
  2875 | D:4      | Killed Dowan
  2879 | D:4      | Slain by Duvessa

Illustrated notes

Levels and vault maps discovered:
D:1:      spicycebolla_arrival_clurvy, layout_loops_cross,
          chequers_serial_rivers_micro_b, nicolae_grassy_gnolls
D:2:      layout_loops_ring, basic_ecumenical_altar, basic_altar, serial_shops,
          shop
D:3:      layout_loops_ring, amcnicky_altar_gilded, grunt_gozag_breadcrumbs,
          minmay_close_crescents, uniq_ijyb, uniq_sigmund
D:4:      layout_loops_ring, serial_aquarium, aquarium_bridge_straight
          [aquarium_subvault_bridge, aquarium_subvault_balcony,
          aquarium_subvault_bridge, aquarium_subvault_window],
          aquarium_window_corner, aquarium_window_2, aquarium_window_fake,
          aquarium_view_4, aquarium_balcony_double_4, aquarium_pool_corner,
          minmay_hedge_maze, uniq_duvessa, uniq_blork_the_orc, uniq_pikel

Skill      XL: |  1  2  3  4  5  6  7 |
---------------+----------------------+-----
Fighting       | 4 5 |  5.9
Armour         | 4 5 |  5.9
Shields        | 4 5 |  5.8
Short Blades   | 3 4 |  4.6
Dodging        | 1 2 |  2.1

Action                     |  1- 3 |  4- 6 |  7- 9 || total
---------------------------+-------+-------+-------++-------
  Melee: Rapier            |    99 |   149 |    45 ||   293
         Headbutt          |    12 |    24 |     8 ||    44
 Armour: Scale mail        |    57 |     1 |       ||    58
         Ring mail         |       |    69 |     8 ||    77
  Dodge: Dodged            |    46 |    69 |    23 ||   138
  Block: Buckler           |    24 |    21 |     9 ||    54
